[Event "*** Qualifier 2: Titled Tuesday 3|2 Blitz"]
[Site "Chess.com"]
[Date "2017.04.11"]
[Round "2"]
[White "Lector118"]
[Black "penguingm1"]
[Result "1-0"]
[WhiteElo "2415"]
[BlackElo "2576"]
[TimeControl "180+2"]
[EndTime "13:24:46 PDT"]
[Termination "Lector118 won on time"]

1. d4 d5 2. c4 e6 3. Nf3 Nf6 4. g3 Be7 5. Bg2 O-O 6. O-O dxc4 7. Qc2 a6 8. a4 Bd7 9. Rd1 Bc6 10. Nc3 Bxf3 11. Bxf3 Nc6 12. Bxc6 bxc6 13. a5 Qb8 14. Ra4 c5 15. Rxc4 cxd4 16. Rcxd4 c5 17. R4d3 Qc7 18. Qa4 c4 19. Rd4 Rfc8 20. Be3 Rab8 21.
Rd7 Nxd7 22. Rxd7 Qe5 23. Bf4 Qc5 24. Bxb8 Rxb8 25. Ne4 Qb4 26. Qc6 Bf8 27. Qc7 Qxb2 28. Kg2 h6 29. Rxf7 Qb5 30. Rd7 Re8 31. Nc3 Qb4 32.
Ne4 Qb5 33. Nc3 Qb4 34. Qe5 Re7 35. Rd8 Rf7 36. f3 Kh7 37. h4 Be7 38. Re8 Rf6 39.
Qe4+ g6 40. h5 Kg7 41. hxg6 Rxg6 42. Rg8+ Kxg8 43. Qxg6+ Kf8 44. Qxh6+ Ke8 45. Ne4 Kd7 46. Qg7 Qxa5 47. Qd4+ Qd5 48. Qa7+ Ke8 49. Qxa6 Kf7 50. Qc8 Qd4 51. Qc6 Qd5 52. Qc8 Qd4 53. g4 Qd5 54. Qc7 Qd4 55. Qf4+ Ke8 56. Qb8+ Kf7 57. Qc7 Qd5 58.
g5 Kf8 59. g6 Qd8 60. Qf4+ Ke8 61. Qf7+ Kd7 62. g7 c3 63. g8=Q Qxg8+ 64. Qxg8 c2 65.
Nf6+ Kd6 66. Qc8 Bxf6 67. Qxc2 Ke7 68. Qe4 Kf7 69. f4 Bg7 70. Kf3 Bf6 71. Kg4 Bg7 72. f5 e5 73. Qd5+ 1-0

[Event "*** Qualifier 2: Titled Tuesday 3|2 Blitz"]
[Site "Chess.com"]
[Date "2017.04.11"]
[Round "2"]
[White "sergiochess83"]
[Black "Rodalquilar"]
[Result "1-0"]
[WhiteElo "2598"]
[BlackElo "2531"]
[TimeControl "180+2"]
[EndTime "13:24:55 PDT"]
[Termination "sergiochess83 won by resignation"]

1. e4 e5 2. Nf3 Nc6 3. Bb5 a6 4.
Ba4 Nf6 5. O-O Be7 6. d3 d6 7. c3 O-O 8. Nbd2 Nd7 9. Re1 Nb6 10. Bb3 Kh8 11. Nf1 f5 12. exf5 Bxf5 13. h3 Qd7 14. Ng3 Bg6 15. d4 exd4 16. Nxd4 Nxd4 17. Qxd4 Bf6 18. Qg4 Rae8 19. Be3 Qxg4 20. hxg4 Nd7 21. g5 Be5 22. Ne2 Bd3 23. f4 Bxe2 24. fxe5 Bg4 25. exd6 cxd6 26. Bd5 b5 27. Bd4 Ne5 28. a4 Be6 29.
Bxe6 Rxe6 30. axb5 axb5 31. Re4 Rfe8 32. Ra5 Rb8 33.
Ra6 Kg8 34. b4 Kf7 35. Kh2 Rbe8 36. Rb6 Kg6 37. Rxb5 Kxg5 38. Kg1 Kf5 39. Re3 Kg6 40. Rg3+ Kf7 41. Rb7+ R8e7 42. Rxe7+ Rxe7 43. b5 Rb7 44. c4 Ke6 45. Rc3 Nd7 46. Bxg7 Ne5 47. Bxe5 Kxe5 48. Rh3 Kd4 49. Rh4+ Kc5 50. Kh2 d5 51. cxd5 Kxb5 52. Kh3 Kc5 53. Rh5 Rg7 54. g4 Kd6 55. Kh4 Kc5 56. Rf5 Kd6 57. Kh5 Rg6 58. g5 Rg7 59.
Kh6 Rb7 60. Kh5 Rc7 61. Kh6 Rb7 62. Rf8 Kxd5 63. Rh8 Ke5 64. Rxh7 Rb6+ 65. g6 Kf5 66. Rf7+ Ke6 67. Rf2 Rb1 68. g7 Rh1+ 69. Kg6 Rg1+ 70. Kh7 Rh1+ 71. Kg8 Ke7 72. Re2+ Kd7 73. Re4 Kd6 74.
Kf7 Rf1+ 75. Kg6 Rg1+ 76. Kf6 Rf1+ 77. Kg5 Rg1+ 78. Rg4 1-0

[Event "*** Qualifier 2: Titled Tuesday 3|2 Blitz"]
[Site "Chess.com"]
[Date "2017.04.11"]
[Round "2"]
[White "Sanan_Sjugirov"]
[Black "MorpheusPro"]
[Result "1-0"]
[WhiteElo "2679"]
[BlackElo "2155"]
[TimeControl "180+2"]
[EndTime "13:24:57 PDT"]
[Termination "Sanan_Sjugirov won by resignation"]

1. d4 d5 2. Nf3 Bf5 3. Bg5 h6 4. Bh4 c6 5. Nbd2 Nd7 6. e3 Ngf6 7. c4 e6 8. Qb3 Qb6 9. c5 Qxb3 10.
axb3 a6 11. b4 Rc8 12. h3 Be7 13. Nb3 Bd8 14. Na5 Bxa5 15. bxa5 Ne4 16. Nd2 Nxd2 17. Kxd2 Nf6 18. f3 Nd7 19. g4 Bh7 20. Bg3 e5 21. Bxe5 Nxe5 22. dxe5 O-O 23. Bd3 Rfe8 24. f4 Rcd8 25.
Bxh7+ Kxh7 26. Ra4 f6 27. exf6 gxf6 28. Rb4 Re7 29. Ra1 Rdd7 30. Ra3 Kg6 31. Rd3 h5 32.
Kc3 hxg4 33. hxg4 f5 34. g5 Rd8 35. Kc2 Rh8 36. Rbb3 Rh2+ 37. Kb1 Re2 38. Ka2 Re1 39. Rbc3 Re2 40. Kb3 Re1 41. Ka3 Re2 42. Ka2 Rf2 43. Rd1 Re2 44. Rdd3 Rf2 45. Rb3 Re2 46. Kb1 Rf2 47. Rd4 Re2 48. Rdb4 Re1+ 49. Kc2 R1xe3 50. Rxe3 Rxe3 51. Rxb7 Re4 52. Rb6 Rc4+ 53. Kd3 Rxc5 54. Rxa6 Rc4 55. b3 Rxf4 56. Rxc6+ Kxg5 57. a6 Rf1 58. b4 Ra1 59. b5 f4 60. Rc8 Ra3+ 61.
Kd4 f3 62. Rf8 Kg4 63. Kxd5 f2 64. Rxf2 Rb3 65. Kc6 Rc3+ 66. Kb6 Kg3 67. Rf7 1-0

[Event "*** Qualifier 2: Titled Tuesday 3|2 Blitz"]
[Site "Chess.com"]
[Date "2017.04.11"]
[Round "2"]
[White "XDPS"]
[Black "RobertoJBM"]
[Result "0-1"]
[WhiteElo "2566"]
[BlackElo "2424"]
[TimeControl "180+2"]
[EndTime "13:25:14 PDT"]
[Termination "RobertoJBM won by resignation"]

1. Nf3 d5 2. d4 c6 3. c4 Nf6 4. Nbd2 Bf5 5. Nh4 Be6 6. Qb3 Qb6 7. c5 Qc7 8. g3 g6 9. Ndf3 Nbd7 10.
Bf4 Qc8 11. Ng5 Bf5 12. Nxf5 gxf5 13. Bh3 e6 14. Nf3 Bg7 15. Bd6 Ne4 16. Bf4 b6 17.
cxb6 axb6 18. O-O O-O 19. Rfc1 c5 20. Qe3 Ra4 21. Qd3 Qa6 22. Qxa6 Rxa6 23. e3 Rfa8 24.
a3 c4 25. Bf1 b5 26. Rab1 Bf8 27. Rc2 Bd6 28. Bxd6 Nxd6 29. Ne1 Ra4 30. Rc3 b4 31. axb4 Rxb4 32. Nc2 Rb6 33. Ra3 Rxa3 34. Nxa3 Ne4 35. Be2 Nd2 36. Rc1 Rxb2 37. Rc2 Rxc2 38. Nxc2 Nb6 39. f3 Na4 40. Kf2 Nc3 41. Ke1 Nb3 42.
Bf1 Kf8 43. Bg2 Ke7 44. h3 Kd6 45. g4 fxg4 46. hxg4 h6 47. Kf2 f6 48. Kg3 Ke7 49. Bf1 Kf7 50. Kf2 Kg6 51. Bh3 e5 52. f4 e4 53. Kg3 Nc1 54. Kh4 Nd3 55. f5+ Kg7 56. Bf1 Nc1 57. Kg3 Nb3 58. Kf2 Na5 59. Nb4 Kf7 60. Kg3 Nb7 61. Kh4 Nd6 62. Kg3 h5 63. Kf4 hxg4 64. Kxg4 Ke7 65. Kf4 Ndb5 66. Kg3 Nc7 67.
Kf2 Kd6 68. Ke1 Ne8 69. Kd2 Nb5 70. Bh3 Ng7 71. Na6 Na7 72. Nc5 Nc6 73. Nb7+ Kc7 74. Nc5 Ne7 75. Bg4 Ngxf5 76. Ne6+ Kd6 77. Nf4 Ng7 78.
Bd1 Ne6 79. Nh5 f5 80. Kc3 Ng6 81. Be2 f4 82. Bg4 f3 83. Bh3 Ng5 84. Bf1 Nh4 85.
Ng3 Ke6 86. Kd2 Nf5 87. Nh5 Kd6 88. Nf6 Ng3 89. Ke1 c3 90. Ba6 f2+ 91. Kxf2 c2 92. Kxg3 c1=Q 0-1

[Event "*** Qualifier 2: Titled Tuesday 3|2 Blitz"]
[Site "Chess.com"]
[Date "2017.04.11"]
[Round "2"]
[White "VMikhalevski"]
[Black "joppie2"]
[Result "0-1"]
[WhiteElo "2542"]
[BlackElo "2553"]
[TimeControl "180+2"]
[EndTime "13:25:22 PDT"]
[Termination "joppie2 won by checkmate"]

1. Nf3 d5 2. g3 Nc6 3. d4 Bf5 4. Bg2 Nb4 5. Na3 e6 6. c3 Nc6 7. Nc2 Be4 8. O-O Be7 9. Nce1 Nf6 10.
Nd3 O-O 11. Bf4 h6 12. Qd2 Bd6 13. Bxd6 cxd6 14. Bh3 Rb8 15. Nh4 Bh7 16. Bg2 Ne4 17. Qd1 g5 18. Nf3 f5 19. Nfe1 Kh8 20. f3 Nf6 21. f4 g4 22. Nc2 h5 23. Kf2 h4 24. e3 Kg7 25. Qe2 Rh8 26. Rg1 Bg6 27. Ke1 hxg3 28. hxg3 Na5 29. Kd1 Be8 30. Nf2 Nc4 31.
b3 Na5 32. Kc1 Qc7 33. Kb2 Rc8 34. Qd2 Qb6 35. Na3 Ba4 36. Qc2 Rh2 37. Rab1 Nh5 38. Ka1 Bd7 39. Rh1 Rxh1 40. Nxh1 Nc6 41. Qd2 Qa5 42.
Nc2 Ne7 43. Kb2 Ng8 44. Ne1 Ngf6 45. Nd3 Bb5 46. Ndf2 Qc7 47. Rc1 Qb6 48. Ka1 a5 49. a4 Bd7 50. Ka2 Qa6 51. Bf1 b5 52. Qb2 Qb6 53.
Qa3 Kg6 54. Rc2 b4 55. Qb2 bxc3 56. Rxc3 Rb8 57. Qa3 Rb7 58. Be2 Ng7 59. Qc1 Nge8 60. Nd3 Ne4 61. Nhf2 Nxc3+ 62. Qxc3 Nc7 63. Nb2 Rb8 64. Bf1 Rh8 65. Nbd1 Rb8 66. Nb2 Na6 67. Bxa6 Qxa6 68. Nfd3 Qb6 69. Nc1 Rc8 70. Qd2 Qc7 71.
Ncd3 Qc3 72. Qh2 Rb8 73. b4 axb4 74. Qh4 b3+ 75. Ka3 Bxa4 76. Qg5+ Kf7 77. Qh5+ Ke7 78. Qh4+ Kd7 79. Qh7+ Kc8 80. Qg8+ Kc7 81. Qf7+ Bd7 82. Na4 Qa1# 0-1

[Event "*** Qualifier 2: Titled Tuesday 3|2 Blitz"]
[Site "Chess.com"]
[Date "2017.04.11"]
[Round "2"]
[White "Gabrielian_Artur"]
[Black "Gabix_94"]
[Result "1/2-1/2"]
[WhiteElo "2614"]
[BlackElo "2515"]
[TimeControl "180+2"]
[EndTime "13:25:29 PDT"]
[Termination "Game drawn by repetition"]

1. e4 c5 2. Nf3 d6 3. d4 cxd4 4.
Nxd4 Nf6 5. Nc3 Nc6 6. Bg5 Bd7 7.
Qd2 Nxd4 8. Qxd4 Qa5 9. f4 e5 10. Qd2 Be7 11. O-O-O Bc6 12. Kb1 exf4 13. Bxf4 Qb6 14.
Bc4 O-O 15. Rhe1 Rad8 16. Bb3 Ng4 17. Qe2 Ne5 18. Be3 Qc7 19. Bd4 a5 20. Nd5 Bxd5 21.
Bxd5 Bf6 22. Rf1 Qe7 23. c3 Rfe8 24. g3 Kh8 25. h4 Nd7 26. Be3 Rf8 27. Qf2 Ne5 28.
Qf5 a4 29. a3 Nd7 30. Bf4 Be5 31. Bg5 f6 32. Bc1 Bxg3 33. h5 Be5 34. Rg1 Nb6 35.
Ba2 Qd7 36. Qf2 Qc6 37. Rg4 d5 38. Rdg1 f5 39. exf5 Nc4 40. Qg2 Qf6 41. Rf1 b5 42. h6 gxh6 43. Qh3 Rg8 44. Rxg8+ Rxg8 45. Bxh6 Rg3 46. Qh5 Rg8 47. Bc1 d4 48. Rh1 Qg7 49.
Bh6 Qg2 50. Bc1 Qg7 51. cxd4 Bxd4 52. Qe2 Bf6 53. Bxc4 bxc4 54. Qxc4 Rb8 55. Rh2 Be5 56. Rc2 Qf6 57. Qxa4 Qxf5 58. Qc4 Bg7 59. a4 h6 60. Ka2 Ra8 61. b3 Rd8 62. Bb2 Bxb2 63. Rxb2 Qf6 64. a5 Qe5 65. b4 Rd4 66. Qc8+ Kh7 67.
Qb7+ Kh8 68. Qa8+ Kh7 69. Qc6 Qe7 70. Qc3 Qe6+ 71. Qb3 Qe7 72. a6 Qe4 73. Qf7+ Kh8 74.
Qf8+ Kh7 75. Qf7+ Kh8 76. a7 Rd1 77. Qf6+ Kh7 78. Qf7+ Kh8 79. Qf8+ Kh7 80. a8=Q Qc4+ 81. Rb3 Qc2+ 82. Rb2 Qc4+ 83. Rb3 Qc2+ 84. Rb2 Qc4+ 85. Rb3 Qc2+ 1/2-1/2

[Event "*** Qualifier 2: Titled Tuesday 3|2 Blitz"]
[Site "Chess.com"]
[Date "2017.04.11"]
[Round "2"]
[White "Winehouse83"]
[Black "Abrito99"]
[Result "1/2-1/2"]
[WhiteElo "2312"]
[BlackElo "2337"]
[TimeControl "180+2"]
[EndTime "13:25:43 PDT"]
[Termination "Game drawn - insufficient material"]

1. d4 Nf6 2. Bf4 g6 3. e3 Bg7 4. Bd3 d6 5. Nd2 Nbd7 6. Ngf3 O-O 7. Qe2 Re8 8. Bg5 e5 9. dxe5 dxe5 10. O-O h6 11.
Bxf6 Nxf6 12. e4 c6 13. Rfd1 Qc7 14. Qe1 Be6 15. Bc4 Bg4 16. h3 Bd7 17. Nh4 Be6 18. Bxe6 Rxe6 19. Nb3 Bf8 20. Qe3 b6 21. Rd2 Rd6 22.
Rad1 Rad8 23. Nf3 Qe7 24. g3 Qe6 25. Kg2 c5 26. Rxd6 Rxd6 27. Rxd6 Qxd6 28. Nbd2 b5 29. a4 a6 30. axb5 axb5 31. Qb3 Qb8 32. Nc4 Nxe4 33.
Ncxe5 Qb7 34. Qd3 Ng5 35. h4 c4 36. Qd7 Qxd7 37. Nxd7 Ne4 38. b3 Bd6 39. bxc4 bxc4 40. Nb6 c3 41. Nd5 Bc5 42. Ng1 f5 43. Ne2 Nxf2 44.
Ndxc3 Ng4 45. Nd5 Kf8 46. Nef4 Kf7 47. Kf3 g5 48. hxg5 hxg5 49. Nd3 Bd4 50. c4 Ke6 51. N5b4 Kd6 52. Nc2 Bc5 53. Na1 Bd4 54. Nb3 Bc3 55. c5+ Kc6 56. Nbc1 Nf6 57. Ne2 Ba1 58. Ng1 Nd5 59.
g4 f4 60. Ke4 Bf6 61. Nf3 Ne7 62. Nfe5+ Kb5 63. Nf3 Kc4 64. Nde5+ Kxc5 65. Nf7 Kc6 66.
N7xg5 Bxg5 67. Nxg5 Ng6 68. Kf5 Ne7+ 69. Kxf4 Kd6 70.
Nf7+ Ke6 71. Ne5 Nd5+ 72. Ke4 Kf6 73. Nf3 Ne7 74. g5+ Kg7 75. Kf4 Nd5+ 76. Kf5 Ne7+ 77. Ke6 Nc6 78. Nh4 Nd4+ 79. Ke5 Nc6+ 80. Kf4 Nd8 81.
Kg4 Nf7 82. Nf5+ Kf8 83. g6 Ne5+ 84. Kg5 Nxg6 85. Kxg6 1/2-1/2

[Event "*** Qualifier 2: Titled Tuesday 3|2 Blitz"]
[Site "Chess.com"]
[Date "2017.04.11"]
[Round "2"]
[White "abubakrtagelsir"]
[Black "Generalas"]
[Result "0-1"]
[WhiteElo "2157"]
[BlackElo "2221"]
[TimeControl "180+2"]
[EndTime "13:27:59 PDT"]
[Termination "Generalas won on time"]

1. e4 e5 2. Nf3 Nc6 3. d4 exd4 4. Bc4 Nf6 5. e5 d5 6. Bb5 Ne4 7. Nxd4 Bc5 8. O-O Bd7 9. Bxc6 bxc6 10. f3 Ng5 11. f4 Ne4 12. Be3 Rb8 13. Nc3 Qe7 14.
Nxe4 dxe4 15. Qd2 O-O 16. Nb3 Bb6 17. Qc3 Be6 18. Nc5 Bd5 19. b4 f5 20. a4 a5 21.
bxa5 Ba7 22. a6 Ra8 23. Kh1 Rfe8 24. Rab1 Qf7 25. Qd4 Bc4 26. Rfd1 Bxa6 27. e6 Qe7 28. Qe5 Bc8 29. Qxf5 Bxc5 30. Qxc5 Ra6 31. a5 Qxc5 32. Bxc5 Bxe6 33. Ra1 Rea8 34. Bb4 Bd5 35. Kg1 Kf7 36. Bc3 g6 37. Rdb1 Ke6 38. Rb7 Kd7 39. Be5 Rc8 40. Bc3 c5 41. Rb5 Kc6 42. Rb2 Bc4 43.
Kf2 Rd8 44. Ke3 Re8 45. Rab1 Bd5 46. Rb8 Ra8 47. Rxa8 Rxa8 48. g4 Kd7 49. h3 Ke6 50. Rb5 Kd6 51. Rb1 Kc6 52. Rf1 Kd6 53. f5 gxf5 54.
Rxf5 Rb8 55. Rh5 Rb1 56. Rxh7 Rg1 57. Rh6+ Kd7 58. Kf2 Rc1 59. Ke3 Rxc2 60. Bd2 Ra2 61. g5 Ra3+ 62. Kf4 Rf3+ 63. Ke5 e3 64. Bxe3 Rxe3+ 65. Kxd5 Rg3 66. h4 Ra3 67. a6 c6+ 68. Kxc5 Rxa6 69. Rh7+ Ke6 70. g6 Kf6 71. h5 Ra5+ 72. Kxc6 Rg5 73. Kd6 Rg1 74. Rh8 Rd1+ 75. Kc5 Rc1+ 76. Kd4 Rd1+ 77. Ke3 Rd5 78. Rh7 Ra5 79. Kf4 Ra4+ 80. Ke3 Ra3+ 81. Ke4 Ra4+ 82. Kd3 Ra3+ 83. Kc4 Rh3 84. Rf7+ Ke6 85. Rh7 Kf6 86. Kd5 Rh1 87. Re7 Kxe7 88. Ke5 Rxh5+ 0-1

[Event "*** Qualifier 2: Titled Tuesday 3|2 Blitz"]
[Site "Chess.com"]
[Date "2017.04.11"]
[Round "3"]
[White "Alexander_Donchenko"]
[Black "Sebastian"]
[Result "0-1"]
[WhiteElo "2584"]
[BlackElo "2703"]
[TimeControl "180+2"]
[EndTime "13:30:50 PDT"]
[Termination "Sebastian won by checkmate"]

1. d4 d5 2. c4 dxc4 3. e4 e5 4.
Nf3 Nf6 5. Bxc4 Nxe4 6. Nxe5 Bb4+ 7. Kf1 O-O 8. Nxf7 Rxf7 9. Bxf7+ Kxf7 10. Qb3+ Be6 11. Qxb4 Nc6 12. Qe1 Bc4+ 13. Kg1 Nxd4 14. h4 Ne2+ 15. Kh2 Qxh4# 0-1

[Event "*** Qualifier 2: Titled Tuesday 3|2 Blitz"]
[Site "Chess.com"]
[Date "2017.04.11"]
[Round "3"]
[White "Kozok"]
[Black "GamayevOleg"]
[Result "1-0"]
[WhiteElo "2294"]
[BlackElo "2394"]
[TimeControl "180+2"]
[EndTime "13:31:44 PDT"]
[Termination "Kozok won by resignation"]

1. e4 e6 2. d4 d5 3. Nc3 Nf6 4. e5 Nfd7 5. f4 c5 6. Nf3 Nc6 7. Be3 a6 8. Qd2 b5 9. Be2 Qb6 10. O-O cxd4 11. Nxd4 Nxd4 12. Bxd4 Qxd4+ 13. Qxd4 Bc5 14. Qxc5 Nxc5 15. Bf3 Ke7 16. b4 Nb7 17. a4 Bd7 18. axb5 Bxb5 19. Nxb5 axb5 20. Be2 Kd7 21.
Bxb5+ Kc7 22. c4 dxc4 23. Bxc4 Kb6 24. Rfd1 Rxa1 25. Rxa1 Rc8 26. Bd3 Rc3 27. Bxh7 Rb3 28. Bg8 Rxb4 29. Bxf7 Rxf4 30. Bxe6 Re4 31. Bd5 Rxe5 32.
Rb1+ Kc5 33. Bxb7 1-0

[Event "*** Qualifier 2: Titled Tuesday 3|2 Blitz"]
[Site "Chess.com"]
[Date "2017.04.11"]
[Round "3"]
[White "MyleneFarmer"]
[Black "pedromartinez91"]
[Result "0-1"]
[WhiteElo "2302"]
[BlackElo "2315"]
[TimeControl "180+2"]
[EndTime "13:32:25 PDT"]
[Termination "pedromartinez91 won by resignation"]

1. e4 e6 2. d4 d5 3. Nc3 Nf6 4.
e5 Ne4 5. Nxe4 dxe4 6. Be3 c5 7. c3 cxd4 8. Qxd4 Qxd4 9. cxd4 Bd7 10. O-O-O Bc6 11. f3 Nd7 12. fxe4 Bxe4 13. Nf3 Rc8+ 14. Kd2 Rc2+ 15. Ke1 Rxb2 16. Rc1 Bb4+ 17. Nd2 O-O 18. Be2 Nb6 19. a3 Ba5 20. Kd1 Bxg2 21. Rg1 Nd5 22. Bg5 h6 23. Bxh6 gxh6 24. Rxg2+ Kh8 25. Rg3 Rxd2+ 26.
Ke1 Rc2+ 27. Kd1 Nc3+ 28. Rxc3 Rxc3 0-1

[Event "*** Qualifier 2: Titled Tuesday 3|2 Blitz"]
[Site "Chess.com"]
[Date "2017.04.11"]
[Round "3"]
[White "LawrenceTrent"]
[Black "VMikhalevski"]
[Result "1-0"]
[WhiteElo "2393"]
[BlackElo "2527"]
[TimeControl "180+2"]
[EndTime "13:33:38 PDT"]
[Termination "LawrenceTrent won by resignation"]

1. e4 e5 2. Nf3 Nc6 3. d3 Nf6 4. g3 d5 5. exd5 Nxd5 6. Bg2 Bc5 7.
O-O O-O 8. Re1 Re8 9. Nbd2 Bf8 10. h3 f6 11. Ne4 Bf5 12. a3 a5 13. c4 Nb6 14. Nh4 Be6 15. Be3 Nd4 16. Nf3 Nf5 17. Bc5 Bf7 18. g4 Bxc5 19. Nxc5 Nd4 20. Nxb7 Nxf3+ 21. Bxf3 Qd4 22. Qc2 Bg6 23. Be4 a4 24. c5 Nd5 25.
Bxg6 hxg6 26. Re4 Ne3 27. fxe3 Qd5 28. Qc4 c6 29. Nd6 Reb8 30. Qxd5+ cxd5 31. Rb4 Kf8 32. Rxb8+ Rxb8 33. c6 1-0

[Event "*** Qualifier 2: Titled Tuesday 3|2 Blitz"]
[Site "Chess.com"]
[Date "2017.04.11"]
[Round "3"]
[White "Cecile_Haussernot"]
[Black "jlandaw"]
[Result "1-0"]
[WhiteElo "2286"]
[BlackElo "2382"]
[TimeControl "180+2"]
[EndTime "13:33:46 PDT"]
[Termination "Cecile_Haussernot won by resignation"]

1. e4 e5 2. Nf3 Nc6 3. d4 exd4 4.
Nxd4 Nf6 5. Nxc6 bxc6 6. e5 Qe7 7. Qe2 Nd5 8. c4 Ba6 9. b3 g5 10. Ba3 Nb4 11. Bb2 Bg7 12. a3 Nd5 13. g3 O-O 14.
Nd2 Rab8 15. h4 Rfe8 16. O-O-O Nb6 17. hxg5 Bxe5 18. Qh5 Bxb2+ 19. Kxb2 Na4+ 20. Kc2 Qxa3 21. Qxh7+ Kf8 22. Qh8+ Ke7 23. Qf6+ 1-0

[Event "*** Qualifier 2: Titled Tuesday 3|2 Blitz"]
[Site "Chess.com"]
[Date "2017.04.11"]
[Round "3"]
[White "JaimeSantosLatasa"]
[Black "Wolverine_master"]
[Result "1-0"]
[WhiteElo "2525"]
[BlackElo "1989"]
[TimeControl "180+2"]
[EndTime "13:33:59 PDT"]
[Termination "JaimeSantosLatasa won by resignation"]

1. d4 Nf6 2. c4 e6 3. Nc3 d5 4.
Bg5 Be7 5. e3 c6 6. Qc2 Nbd7 7.
Nf3 dxc4 8. Bxc4 b5 9. Bd3 Bb7 10. Bxf6 Nxf6 11. Ne4 Nxe4 12. Bxe4 Rc8 13. O-O h6 14.
Ne5 Qb6 15. Rac1 c5 16. Bg6 Rf8 17. Bxf7+ Kd8 18. dxc5 Rxc5 19. Rfd1+ Bd6 20. Qxc5 Qxc5 21. Rxc5 Ke7 22. Rxb5 Ba6 23. Ra5 Be2 24. Rxa7+ Kf6 25. Nd7+ Kxf7 26. Nxf8+ Kxf8 27. Rxd6 1-0

[Event "*** Qualifier 2: Titled Tuesday 3|2 Blitz"]
[Site "Chess.com"]
[Date "2017.04.11"]
[Round "3"]
[White "afgano29"]
[Black "bilelou"]
[Result "1-0"]
[WhiteElo "2384"]
[BlackElo "2334"]
[TimeControl "180+2"]
[EndTime "13:34:05 PDT"]
[Termination "afgano29 won by resignation"]

1. e4 c5 2. Nf3 d6 3. d4 cxd4 4.
Nxd4 Nf6 5. Nc3 a6 6. Bg5 Nbd7 7. Bc4 Qb6 8. Bb3 e6 9. Qd2 Be7 10. O-O-O Qc7 11. Rhe1 Nc5 12. Kb1 Rb8 13. f4 h6 14. Bxf6 Bxf6 15. e5 dxe5 16. fxe5 Bg5 17. Qf2 b5 18. h4 Be7 19. Nf5 exf5 20. Nd5 Qb7 21. Nf6+ Kf8 22. Rd6 gxf6 23. Qxc5 Be6 24. exf6 Bxd6 25. Qxd6+ Kg8 26. Qg3+ 1-0

[Event "*** Qualifier 2: Titled Tuesday 3|2 Blitz"]
[Site "Chess.com"]
[Date "2017.04.11"]
[Round "3"]
[White "maciek_92"]
[Black "korason34"]
[Result "1-0"]
[WhiteElo "2511"]
[BlackElo "2355"]
[TimeControl "180+2"]
[EndTime "13:34:13 PDT"]
[Termination "maciek_92 won by checkmate"]

1. e4 e5 2. Nf3 Nc6 3. Bb5 a6 4.
Ba4 Nf6 5. O-O Be7 6. Re1 b5 7. Bb3 O-O 8. c3 d6 9. d4 Bg4 10. Be3 exd4 11. cxd4 d5 12. e5 Ne4 13. h3 Bh5 14. Nc3 Nxc3 15. bxc3 Qd7 16. Bc2 Na5 17. Bf4 Nc4 18. Bd3 Rab8 19. Qe2 Rb6 20. Bg3 c5 21. Qc2 Bxf3 22. gxf3 Qxh3 23. Bf5 Qh5 24. Bg4 Qh6 25. Kg2 cxd4 26. Rh1 Qg6 27. Bf5 Qg5 28. Bxh7+ Kh8 29. f4 Qh6 30. cxd4 Rc8 31. Qf5 Qe6 32. Bg8+ Kxg8 33. Qh7+ Kf8 34. Qh8# 1-0

[Event "*** Qualifier 2: Titled Tuesday 3|2 Blitz"]
[Site "Chess.com"]
[Date "2017.04.11"]
[Round "3"]
[White "Vrolijk"]
[Black "amaidel"]
[Result "1-0"]
[WhiteElo "2299"]
[BlackElo "2449"]
[TimeControl "180+2"]
[EndTime "13:34:13 PDT"]
[Termination "Vrolijk won by checkmate"]

1. d4 f5 2. Nc3 Nf6 3. Bg5 d5 4.
Bxf6 exf6 5. e3 Be6 6. a3 c6 7.
Bd3 g6 8. Nge2 Bd6 9. Nf4 Bxf4 10. exf4 O-O 11. O-O Nd7 12. Re1 Bf7 13. Ne2 Re8 14. Qd2 Nf8 15. Rab1 Ne6 16. b4 Qd7 17. c3 a5 18. Nc1 axb4 19. axb4 Re7 20. Nb3 Rae8 21. g3 b6 22. Ra1 Qb7 23. Ba6 Qc7 24.
Bf1 b5 25. Re3 Nd8 26. Rae1 Nb7 27. Nc5 Nd6 28. f3 Rxe3 29. Rxe3 Rxe3 30. Qxe3 Kf8 31.
Qe6 Qd8 32. Nd7+ Kg7 33. Qxd6 Be8 34. Qf8# 1-0

[Event "*** Qualifier 2: Titled Tuesday 3|2 Blitz"]
[Site "Chess.com"]
[Date "2017.04.11"]
[Round "3"]
[White "TheNextLevelFan"]
[Black "Buffy7"]
[Result "0-1"]
[WhiteElo "2382"]
[BlackElo "2523"]
[TimeControl "180+2"]
[EndTime "13:34:32 PDT"]
[Termination "Buffy7 won by resignation"]

1. d4 d5 2. c4 c6 3. Nf3 Nf6 4. e3 e6 5. Bd3 Nbd7 6. O-O Bd6 7.
Qe2 O-O 8. Nbd2 Re8 9. Rd1 b6 10. b3 Bb7 11. Bb2 c5 12. Rac1 Rc8 13. h3 cxd4 14.
exd4 Bb4 15. Ne5 Bxd2 16. Qxd2 dxc4 17. Bxc4 Nf8 18. Qf4 Re7 19. Re1 Rec7 20. Rcd1 Bd5 21. Rd3 Ng6 22. Nxg6 hxg6 23. Bb5 Rc2 24. Rd2 Ne4 25.
Rde2 Rxe2 26. Rxe2 Nf6 27. Bd3 Qd7 28. Kh2 Qb7 29.
Ba3 Bxg2 30. Bd6 Bf1 0-1

[Event "*** Qualifier 2: Titled Tuesday 3|2 Blitz"]
[Site "Chess.com"]
[Date "2017.04.11"]
[Round "3"]
[White "sorito"]
[Black "DiogenesSinopeus"]
[Result "1-0"]
[WhiteElo "2319"]
[BlackElo "2267"]
[TimeControl "180+2"]
[EndTime "13:34:34 PDT"]
[Termination "sorito won on time"]

1. d4 Nf6 2. Nf3 e6 3. e3 b6 4. Bd3 Bb7 5. O-O c5 6. c3 Be7 7. Nbd2 Nc6 8. Qe2 d5 9. Rd1 O-O 10. h3 Qc7 11. dxc5 Bxc5 12. e4 Be7 13. e5 Nd7 14.
Nb3 Ndxe5 15. Bf4 Nxf3+ 16. Qxf3 e5 17. Bg3 Rad8 18. Nd4 Nxd4 19. cxd4 Bd6 20. dxe5 Bxe5 21. Qf5 g6 22. Qxe5 Qc6 23. Rac1 Qa4 24. Qf6 Rfe8 25. Be5 Rxe5 26. Qxe5 Qxa2 27. Bb5 Qb3 28. Qe7 1-0

[Event "*** Qualifier 2: Titled Tuesday 3|2 Blitz"]
[Site "Chess.com"]
[Date "2017.04.11"]
[Round "3"]
[White "biostatistician"]
[Black "XDPS"]
[Result "0-1"]
[WhiteElo "2432"]
[BlackElo "2577"]
[TimeControl "180+2"]
[EndTime "13:34:40 PDT"]
[Termination "XDPS won by resignation"]

1. d4 d5 2. Nf3 Nf6 3. c4 dxc4 4.
e3 Bg4 5. Bxc4 e6 6. O-O a6 7.
b3 Nc6 8. Bb2 Bd6 9. Nbd2 O-O 10. h3 Bh5 11. Rc1 Qe7 12. e4 e5 13. d5 Nb8 14. Be2 Bg6 15. Bd3 Nbd7 16. Nh4 Nc5 17.
Nxg6 fxg6 18. Bb1 Nh5 19. b4 Nd7 20. a3 a5 21. Nc4 axb4 22. axb4 Nf4 23. Qg4 h5 24.
Qf3 Nf6 25. Qe3 g5 26. Nxd6 cxd6 27. Kh2 g4 28. h4 g3+ 29. Qxg3 Ng4+ 30. Kh1 Ne2 31.
Qh3 Nxc1 32. Bxc1 Rxf2 33. Rxf2 Nxf2+ 0-1

[Event "*** Qualifier 2: Titled Tuesday 3|2 Blitz"]
[Site "Chess.com"]
[Date "2017.04.11"]
[Round "3"]
[White "kleinebeer98"]
[Black "woodhy"]
[Result "1-0"]
[WhiteElo "2483"]
[BlackElo "1940"]
[TimeControl "180+2"]
[EndTime "13:34:43 PDT"]
[Termination "kleinebeer98 won by checkmate"]

1. e4 e6 2. d4 d5 3. Nd2 c5 4.
Ngf3 Nc6 5. Bb5 Nf6 6. exd5 Nxd5 7. O-O Bd7 8. dxc5 Bxc5 9. Ne4 Be7 10. c4 Nc7 11.
Ba4 O-O 12. Bf4 e5 13. Nxe5 Nxe5 14. Bxe5 Bxa4 15. Qxa4 Qd3 16. Rfe1 b5 17. Qa5 Ne6 18. cxb5 Qd5 19. Nc3 Qc4 20. Re4 Qd3 21. Rd1 Qc2 22.
Re2 Qf5 23. Nd5 Bc5 24. Qc3 Qh5 25. Bxg7 Qxe2 26. Re1 Bxf2+ 27. Kh1 Bxe1 28. Ne7# 1-0

[Event "*** Qualifier 2: Titled Tuesday 3|2 Blitz"]
[Site "Chess.com"]
[Date "2017.04.11"]
[Round "3"]
[White "Bigfish1995"]
[Black "Alex_Molchanov"]
[Result "1-0"]
[WhiteElo "2649"]
[BlackElo "2398"]
[TimeControl "180+2"]
[EndTime "13:34:50 PDT"]
[Termination "Bigfish1995 won by resignation"]

1. b3 d5 2. Bb2 c5 3. Nf3 Nf6 4.
Bxf6 gxf6 5. Nc3 f5 6. Na4 e6 7. e3 a6 8. d4 c4 9. c3 Qa5 10. b4 Qd8 11. Ne5 Nd7 12. g4 Nxe5 13. dxe5 fxg4 14. Qxg4 h5 15. Qd4 Bd7 16. Nb6 Rb8 17.
a4 Qc7 18. Rg1 h4 19. a5 Rh5 20. f4 Rh8 21. e4 Bc6 22. exd5 exd5 23. Bh3 Rd8 24.
f5 Bh6 25. f6 Kf8 26. Ke2 Bb5 27. Rae1 Re8 28. Kd1 Rg8 29. Rxg8+ Kxg8 30. Qxh4 Rxe5 31. Rg1+ Bg5 32. Rxg5+ Rxg5 33. Qxg5+ 1-0

[Event "*** Qualifier 2: Titled Tuesday 3|2 Blitz"]
[Site "Chess.com"]
[Date "2017.04.11"]
[Round "3"]
[White "Dulger"]
[Black "Saitama_Hero"]
[Result "0-1"]
[WhiteElo "2259"]
[BlackElo "2177"]
[TimeControl "180+2"]
[EndTime "13:34:57 PDT"]
[Termination "Saitama_Hero won by resignation"]

1. Nf3 Nf6 2. g3 g6 3. Bg2 Bg7 4. O-O O-O 5. c4 d5 6. cxd5 Nxd5 7. d4 Nb6 8. Nc3 Nc6 9. d5 Na5 10. Qc2 c6 11. dxc6 Nxc6 12. Rd1 Bd7 13. Bg5 h6 14. Be3 Rc8 15. Nd4 Ne5 16. Bxb7 Rc7 17. Bg2 Qc8 18. Bf4 g5 19. Bxe5 Bxe5 20. Qe4 Bg7 21. Qxe7 Ba4 22. Qb4 Bxd1 23. Rxd1 Rc4 24. Qd6 Rd8 25. Qxd8+ Qxd8 26. Nf5 Qf6 27. e4 Rb4 28. Rd2 Nc4 29. Rd4 Qxd4 30.
Nxd4 Bxd4 31. Nd5 0-1